[ AOE2 MATCH · #506256991 ]
UnrankedVietnamese vs Armenians
Player's team · LOSS
Rival team · WIN
[ REPLAY ANALYSIS · EXTRACTED FROM THE RECORDED GAME ]
Feudal
12:24
Castle
21:29
Imperial
34:03
| APM avg | 65.1 |
| APM peak | 102 |
| eAPM avg | 33.8 |
| Villagers / military | 208 / 165 |
Focus
⚔️ 38.6% · 🌾 61.4%
Battle Elephant ×48 · Rattan Archer ×43 · Skirmisher ×36 · Spearman ×10 · Monk ×6 · Militia ×6
Feudal
9:21
Castle
18:57
Imperial
32:25
| APM avg | 83.4 |
| APM peak | 126 |
| eAPM avg | 52.4 |
| Villagers / military | 198 / 346 |
Focus
⚔️ 47.0% · 🌾 53.0%
Militia ×105 · Spearman ×88 · Composite Bowman ×67 · Skirmisher ×33 · Monk ×14 · Trebuchet (Packed) ×14
Match map
Initial resources + every placement click. Lines = walls · curves = elevation contours. ◆ gold · ⬟ stone · ● berries · ✦ relic · ◌ wall gap
Your base· ✓ Closed at 21:29 · 55t walls · 1 gate(s)
我本善良's base· Open — 6t gap
Smoothed initial terrain · ◌ = detected wall gap · hover for details
Inputs per minute
— The_Fury - - 我本善良
Build order — The_Fury
First 150 of 596 actions detected
| 0:02 | Create | Villager (Male) |
| 0:02 | Create | Villager (Male) |
| 0:02 | Create | Villager (Male) |
| 0:03 | Build | House |
| 0:03 | Create | Villager (Male) |
| 0:04 | Build | House |
| 1:30 | Build | Lumber Camp |
| 1:37 | Create | Villager (Male) |
| 1:38 | Create | Villager (Male) |
| 2:05 | Create | Villager (Male) |
| 2:05 | Create | Villager (Male) |
| 2:28 | Create | Villager (Male) |
| 3:03 | Create | Villager (Male) |
| 3:04 | Create | Villager (Male) |
| 3:27 | Create | Villager (Male) |
| 3:28 | Create | Villager (Male) |
| 3:53 | Research | Loom |
| 4:03 | Build | House |
| 4:19 | Create | Villager (Male) |
| 4:26 | Create | Villager (Male) |
| 4:26 | Create | Villager (Male) |
| 4:34 | Build | Barracks |
| 4:56 | Create | Villager (Male) |
| 4:56 | Create | Villager (Male) |
| 5:01 | Build | House |
| 5:29 | Create | Militia |
| 5:29 | Create | Militia |
| 5:30 | Create | Militia |
| 5:37 | Create | Villager (Male) |
| 5:57 | Build | Mill |
| 6:05 | Create | Villager (Male) |
| 6:13 | Create | Villager (Male) |
| 6:35 | Build | Palisade Wall |
| 6:41 | Create | Militia |
| 6:41 | Create | Militia |
| 7:00 | Create | Villager (Male) |
| 7:14 | Build | House |
| 7:24 | Create | Villager (Male) |
| 7:26 | Create | Villager (Male) |
| 7:53 | Create | Villager (Male) |
| 8:09 | Create | Militia |
| 8:19 | Build | Mill |
| 8:20 | Create | Villager (Male) |
| 8:28 | Build | Palisade Gate |
| 8:33 | Create | Villager (Male) |
| 8:45 | Create | Villager (Male) |
| 9:10 | Create | Villager (Male) |
| 9:35 | Create | Villager (Male) |
| 9:48 | Build | House |
| 9:50 | Build | Mining Camp |
| 10:14 | Research | Feudal Age |
| 10:14 | Research | Feudal Age |
| 10:22 | Build | Palisade Wall |
| 10:51 | Build | Palisade Wall |
| 10:59 | Build | Palisade Wall |
| 12:24 | Age | Feudal Age |
| 12:26 | Build | Archery Range |
| 12:27 | Research | Double-Bit Axe |
| 12:27 | Research | Double-Bit Axe |
| 12:28 | Research | Horse Collar |
| 12:29 | Research | Man-at-Arms (upgrade) |
| 12:33 | Create | Villager (Male) |
| 12:50 | Build | Palisade Wall |
| 12:59 | Create | Villager (Male) |
| 13:00 | Build | Farm |
| 13:01 | Build | Farm |
| 13:04 | Build | Blacksmith |
| 13:06 | Build | Farm |
| 13:13 | Create | Skirmisher |
| 13:15 | Create | Villager (Male) |
| 13:18 | Build | House |
| 13:19 | Build | House |
| 13:39 | Create | Skirmisher |
| 13:40 | Create | Villager (Male) |
| 13:40 | Create | Villager (Male) |
| 13:52 | Create | Skirmisher |
| 13:55 | Build | House |
| 13:56 | Create | Villager (Male) |
| 13:58 | Build | Farm |
| 14:09 | Create | Skirmisher |
| 14:12 | Build | Farm |
| 14:17 | Build | Farm |
| 14:25 | Build | House |
| 14:33 | Create | Skirmisher |
| 14:35 | Research | Padded Archer Armor |
| 14:44 | Build | House |
| 14:45 | Build | Farm |
| 14:54 | Build | Farm |
| 15:04 | Create | Skirmisher |
| 15:11 | Create | Villager (Male) |
| 15:14 | Build | Farm |
| 15:20 | Create | Skirmisher |
| 15:21 | Create | Villager (Male) |
| 15:33 | Create | Villager (Male) |
| 15:43 | Build | Farm |
| 15:53 | Build | Farm |
| 15:59 | Create | Skirmisher |
| 16:04 | Create | Villager (Male) |
| 16:05 | Create | Villager (Male) |
| 16:05 | Create | Villager (Male) |
| 16:34 | Create | Villager (Male) |
| 16:40 | Create | Villager (Male) |
| 16:45 | Create | Villager (Male) |
| 16:47 | Build | Farm |
| 16:47 | Create | Villager (Male) |
| 16:51 | Build | Market |
| 17:03 | Create | Skirmisher |
| 17:05 | Research | Fletching |
| 17:20 | Create | Villager (Male) |
| 17:24 | Build | Farm |
| 17:47 | Create | Villager (Male) |
| 17:53 | Build | Lumber Camp |
| 18:11 | Create | Skirmisher |
| 18:17 | Build | Farm |
| 18:49 | Research | Castle Age |
| 18:49 | Research | Castle Age |
| 19:17 | Research | Gold Mining |
| 19:26 | Build | Stable |
| 19:43 | Create | Skirmisher |
| 19:55 | Build | House |
| 19:57 | Build | House |
| 20:00 | Build | House |
| 20:19 | Create | Skirmisher |
| 20:23 | Create | Spearman |
| 20:23 | Create | Spearman |
| 20:28 | Create | Spearman |
| 20:32 | Create | Spearman |
| 20:47 | Create | Spearman |
| 20:47 | Create | Spearman |
| 20:52 | Create | Spearman |
| 21:03 | Create | Spearman |
| 21:08 | Create | Spearman |
| 21:16 | Create | Villager (Male) |
| 21:23 | Create | Spearman |
| 21:29 | Age | Castle Age |
| 21:30 | Build | Monastery |
| 21:32 | Create | Scout Cavalry |
| 21:49 | Create | Villager (Male) |
| 21:50 | Build | Town Center |
| 21:52 | Create | Villager (Male) |
| 21:59 | Create | Scout Cavalry |
| 22:01 | Build | Town Center |
| 22:07 | Create | Monk |
| 22:11 | Create | Scout Cavalry |
| 22:20 | Research | Bow Saw |
| 22:21 | Research | Bow Saw |
| 22:23 | Create | Villager (Male) |
| 22:25 | Build | Farm |
| 22:32 | Create | Villager (Male) |
| 22:33 | Create | Villager (Male) |
Build order — 我本善良
First 150 of 817 actions detected
| 0:00 | Create | Villager (Male) |
| 0:01 | Create | Villager (Male) |
| 0:01 | Build | House |
| 0:04 | Build | House |
| 0:07 | Create | Villager (Male) |
| 0:07 | Create | Villager (Male) |
| 0:07 | Create | Villager (Male) |
| 1:30 | Create | Villager (Male) |
| 1:30 | Create | Villager (Male) |
| 1:30 | Create | Villager (Male) |
| 1:52 | Build | Mule Cart |
| 2:01 | Create | Villager (Male) |
| 2:01 | Create | Villager (Male) |
| 2:26 | Create | Villager (Male) |
| 2:27 | Create | Villager (Male) |
| 2:49 | Create | Villager (Male) |
| 2:50 | Create | Villager (Male) |
| 3:06 | Create | Villager (Male) |
| 3:06 | Create | Villager (Male) |
| 3:33 | Build | House |
| 3:33 | Build | House |
| 3:44 | Create | Villager (Male) |
| 3:46 | Create | Villager (Male) |
| 4:15 | Create | Villager (Male) |
| 4:41 | Build | Mule Cart |
| 4:45 | Create | Villager (Male) |
| 4:45 | Create | Villager (Male) |
| 5:34 | Create | Villager (Male) |
| 5:34 | Create | Villager (Male) |
| 5:53 | Build | Mill |
| 6:00 | Research | Loom |
| 6:02 | Create | Villager (Male) |
| 6:03 | Research | Loom |
| 7:11 | Research | Feudal Age |
| 7:29 | Build | House |
| 7:30 | Build | House |
| 7:42 | Build | Barracks |
| 8:18 | Build | Mule Cart |
| 8:29 | Build | Palisade Wall |
| 8:54 | Create | Militia |
| 8:55 | Create | Villager (Male) |
| 9:21 | Age | Feudal Age |
| 9:22 | Create | Spearman |
| 9:26 | Build | Archery Range |
| 9:28 | Build | Palisade Wall |
| 9:29 | Build | Palisade Wall |
| 9:30 | Build | Palisade Wall |
| 9:38 | Create | Villager (Male) |
| 9:53 | Research | Double-Bit Axe |
| 9:53 | Research | Double-Bit Axe |
| 9:59 | Create | Villager (Male) |
| 10:06 | Create | Archer |
| 10:37 | Create | Villager (Male) |
| 10:41 | Create | Archer |
| 10:47 | Build | Farm |
| 10:50 | Build | Farm |
| 11:06 | Build | Palisade Wall |
| 11:09 | Create | Villager (Male) |
| 11:09 | Create | Villager (Male) |
| 11:13 | Build | Farm |
| 11:14 | Build | Farm |
| 11:26 | Create | Villager (Male) |
| 11:38 | Build | Farm |
| 11:45 | Build | Farm |
| 11:46 | Create | Villager (Male) |
| 11:50 | Build | Farm |
| 11:55 | Create | Archer |
| 11:56 | Create | Archer |
| 12:11 | Create | Villager (Male) |
| 12:17 | Build | House |
| 12:23 | Build | Farm |
| 12:32 | Create | Archer |
| 12:32 | Create | Archer |
| 12:38 | Build | Palisade Wall |
| 12:48 | Build | House |
| 12:52 | Create | Villager (Male) |
| 13:05 | Create | Archer |
| 13:08 | Build | Farm |
| 13:16 | Build | Palisade Wall |
| 13:33 | Create | Villager (Male) |
| 13:38 | Build | House |
| 13:51 | Create | Villager (Male) |
| 13:55 | Build | Blacksmith |
| 14:06 | Build | Farm |
| 14:07 | Create | Villager (Male) |
| 14:16 | Build | House |
| 14:34 | Create | Villager (Male) |
| 14:39 | Build | Palisade Wall |
| 15:02 | Build | House |
| 15:02 | Build | House |
| 15:10 | Create | Villager (Male) |
| 15:28 | Build | Archery Range |
| 15:28 | Build | Palisade Wall |
| 15:36 | Create | Villager (Male) |
| 15:59 | Build | House |
| 16:01 | Build | House |
| 16:02 | Build | House |
| 16:17 | Research | Castle Age |
| 16:17 | Research | Castle Age |
| 16:39 | Build | Stable |
| 17:10 | Research | Horse Collar |
| 17:10 | Research | Horse Collar |
| 17:16 | Research | Gold Mining |
| 17:16 | Research | Gold Mining |
| 17:26 | Create | Villager (Male) |
| 17:37 | Create | Archer |
| 17:38 | Create | Archer |
| 18:02 | Build | Palisade Wall |
| 18:07 | Build | House |
| 18:15 | Build | House |
| 18:16 | Build | House |
| 18:30 | Research | Scale Barding Armor |
| 18:30 | Research | Scale Barding Armor |
| 18:30 | Research | Scale Barding Armor |
| 18:41 | Create | Villager (Male) |
| 18:57 | Age | Castle Age |
| 18:57 | Create | Knight |
| 18:57 | Create | Knight |
| 19:03 | Build | Monastery |
| 19:07 | Build | Stone Wall |
| 19:10 | Create | Villager (Male) |
| 19:26 | Build | Town Center |
| 19:40 | Create | Warrior Priest |
| 19:49 | Create | Villager (Male) |
| 19:54 | Create | Knight |
| 20:04 | Research | Bow Saw |
| 20:04 | Research | Bow Saw |
| 20:21 | Create | Warrior Priest |
| 20:31 | Create | Villager (Male) |
| 20:31 | Create | Villager (Male) |
| 20:36 | Build | Farm |
| 20:37 | Build | Farm |
| 20:38 | Build | Farm |
| 20:39 | Build | Farm |
| 20:50 | Create | Villager (Male) |
| 20:51 | Create | Villager (Male) |
| 20:51 | Create | Villager (Male) |
| 20:53 | Build | Town Center |
| 20:58 | Create | Monk |
| 21:05 | Create | Villager (Male) |
| 21:08 | Build | Farm |
| 21:10 | Build | Farm |
| 21:28 | Create | Villager (Male) |
| 21:28 | Create | Villager (Male) |
| 21:28 | Create | Villager (Male) |
| 21:30 | Create | Villager (Male) |
| 21:34 | Build | Farm |
| 21:34 | Build | Farm |
| 21:35 | Build | Farm |
| 21:37 | Build | Farm |
Match timeline
| 4:34 | The_Fury · first_building Barracks |
| 6:35 | The_Fury · wall_segment Palisade Wall x13 |
| 7:42 | 我本善良 · first_building Barracks |
| 8:29 | 我本善良 · wall_segment Palisade Wall x6 |
| 9:21 | 我本善良 · age_up feudal |
| 9:26 | 我本善良 · first_building Archery Range |
| 9:28 | 我本善良 · wall_segment Palisade Wall x1 |
| 9:29 | 我本善良 · wall_segment Palisade Wall x1 |
| 9:30 | 我本善良 · wall_segment Palisade Wall x1 |
| 10:22 | The_Fury · wall_segment Palisade Wall x15 |
| 10:51 | The_Fury · wall_segment Palisade Wall x14 |
| 10:59 | The_Fury · wall_segment Palisade Wall x13 |
| 11:06 | 我本善良 · wall_segment Palisade Wall x11 |
| 12:24 | The_Fury · age_up feudal |
| 12:26 | The_Fury · first_building Archery Range |
| 12:38 | 我本善良 · wall_segment Palisade Wall x4 |
| 12:50 | The_Fury · wall_segment Palisade Wall x1 |
| 13:16 | 我本善良 · wall_segment Palisade Wall x9 |
| 14:39 | 我本善良 · wall_segment Palisade Wall x12 |
| 15:28 | 我本善良 · wall_segment Palisade Wall x1 |
| 16:39 | 我本善良 · first_building Stable |
| 18:02 | 我本善良 · wall_segment Palisade Wall x1 |
| 18:03 | The_Fury · first_market_buy 100 food |
| 18:05 | The_Fury · first_market_sell 100 stone |
| 18:57 | 我本善良 · age_up castle |
| 19:03 | 我本善良 · first_building Monastery |
| 19:07 | 我本善良 · wall_segment Stone Wall x1 |
| 19:26 | The_Fury · first_building Stable |
| 21:29 | The_Fury · age_up castle |
| 21:30 | The_Fury · first_building Monastery |
| 23:48 | 我本善良 · first_building Siege Workshop |
| 23:58 | 我本善良 · first_market_buy 100 food |
| 29:02 | The_Fury · first_building Castle |
| 29:35 | 我本善良 · first_building Castle |
| 32:25 | 我本善良 · age_up imperial |
| 34:03 | The_Fury · age_up imperial |
| 34:32 | 我本善良 · first_market_sell 100 wood |
| 35:21 | The_Fury · wall_segment Stone Wall x1 |
| 36:05 | The_Fury · first_building Siege Workshop |
| 38:29 | The_Fury · wall_segment Stone Wall x5 |
| 39:25 | The_Fury · wall_segment Stone Wall x1 |
| 39:28 | The_Fury · wall_segment Stone Wall x9 |
| 50:06 | The_Fury · resign |
[ AI ANALYSIS · 1 CREDIT ]
What really happened in this match?
Wolo.gg analyzes every decision: build order, eco, micro, common mistakes by bracket. Personalized analysis on WhatsApp or Discord in 30 seconds.
Civ guide
Vietnamese
Perfil
Jugador #8448734